 Dungeon Crawl Stone Soup version 0.28.0-43-g3370ac3207 (webtiles) character file.

Game seed: 12737222953817972496

65 bromine the Cudgeller (level 4, -1/41 HPs)
             Began as a Gnoll Berserker on Mar 5, 2022.
             Was a Believer of Trog.
             Slain by a goblin
             ... wielding a +0 dagger
             ... led by Robin
              (3 damage)
             ... on level 3 of the Dungeon.
             The game lasted 00:08:30 (2099 turns).

bromine the Cudgeller (Gnoll Berserker)             Turns: 2099, Time: 00:08:30

Health: -1/41      AC:  2    Str: 19    XL:     4   Next: 14%
Magic:  5/5        EV: 13    Int:  6    God:    Trog [**....]
Gold:   118        SH:  0    Dex: 13    Spells: 5/5 levels left

rFire   . . .      SeeInvis .   e - +0 long sword
rCold   . . .      Faith    .   (no shield)
rNeg    . . .      Spirit   .   b - +0 animal skin
rPois   .          Reflect  .   (no helmet)
rElec   .          Harm     .   (no cloak)
rCorr   .          Rampage  .   (no gloves)
Will    .....                   (no boots)
Stlth   ++........              (no amulet)
HPRegen 0.00/turn               (no ring)
MPRegen 0.09/turn               (no ring)

@: on berserk cooldown, flying, inhibited regen, slowed, very slow
A: fangs 1, strong nose, distributed training, agile 1, inhibited regeneration
a: Renounce Religion, Berserk, Trog's Hand


You were on level 3 of the Dungeon.
You worshipped Trog.
Trog was pleased with you.
You visited 1 branch of the dungeon, and saw 3 of its levels.

You collected 118 gold pieces.

Inventory:

Hand Weapons
 a - a +0 mace
 e - a +0 long sword (weapon)
Missiles
 d - a throwing net
 f - 5 poisoned darts (quivered)
Armour
 b - a +0 animal skin (worn)
Potions
 h - a potion of cancellation {unknown}
 i - a potion of might {unknown}


   Skills:
 + Level 6.6 Fighting
 + Level 1.0 Short Blades
 + Level 1.0 Long Blades
 + Level 1.0 Axes
 + Level 6.6 Maces & Flails
 + Level 1.0 Polearms
 + Level 1.0 Staves
 + Level 1.0 Slings
 + Level 1.0 Bows
 + Level 1.0 Crossbows
 + Level 1.0 Throwing
 + Level 4.6 Armour
 + Level 4.6 Dodging
 + Level 1.0 Stealth
 + Level 1.0 Shields
 + Level 1.0 Unarmed Combat
 + Level 1.0 Spellcasting
 + Level 0.8 Conjurations
 + Level 0.8 Hexes
 + Level 0.8 Summonings
 + Level 0.8 Necromancy
 + Level 0.8 Translocations
 + Level 0.8 Transmutations
 + Level 0.8 Fire Magic
 + Level 0.8 Ice Magic
 + Level 0.8 Air Magic
 + Level 0.8 Earth Magic
 + Level 0.8 Poison Magic
 + Level 1.1 Invocations
 + Level 1.0 Evocations


You had 5 spell levels left.
You didn't know any spells.
Your spell library was empty.

Dungeon Overview and Level Annotations

Branches:
Dungeon (3/15)

Altars:

Annotations:
D:3 Robin


Innate Abilities, Weirdness & Mutations

You have very sharp teeth.
Your uncanny sense of smell can sniff out nearby items.
Your experience applies equally to all skills.
You are agile. (Dex +2)
You do not regenerate when monsters are visible.


Message History

You slash the gnoll!
You kill the gnoll!
Trog accepts your kill. The bat hits you.
The goblin hits you with a +0 dagger. x2
You have reached level 4!
You feel stronger.
You barely miss the goblin. The goblin hits you with a +0 dagger.
The goblin hits you but does no damage. x2
The goblin hits you with a +0 dagger.
A gnoll comes into view. It is wielding a +0 whip.
The gnoll closely misses you.
The gnoll shouts!
You slash the goblin!
You kill the goblin!
Trog accepts your kill. The goblin closely misses you.
The goblin hits you but does no damage. The goblin barely misses you.
The gnoll barely misses you.
You are too berserk!
You hit the goblin.
The goblin is severely wounded.
The goblin hits you with a +0 dagger. The goblin barely misses you.
The goblin closely misses you. The goblin hits you with a +0 dagger.
* * * LOW HITPOINT WARNING * * *
The gnoll closely misses you.
You slash the goblin!
You kill the goblin!
Trog accepts your kill.
You are no longer berserk.
You are exhausted.
You feel yourself slow down. The goblin closely misses you.
The goblin hits you with a +0 dagger.
* * * LOW HITPOINT WARNING * * *
The goblin misses you. The gnoll hits you with a +0 club.
* * * LOW HITPOINT WARNING * * *
It was a potion of flight.
You feel very buoyant.
You fly up into the air.
The goblin hits you with a +0 dagger.
* * * LOW HITPOINT WARNING * * *
The goblin closely misses you. The goblin hits you with a +0 dagger.
You die...

#..#.###................
#..#.##...####.#.#.#.#..
#..#..#...##............
#.....#...##.#.......#..
#.....#................
...........#.#....g#.#.
......#.........g...#..
.........#.#.#.gw#.#.#.
..........#....g@g#....
...##..#.#.#.#.#g#.#.#.
...+............b......
...###†.#+#.......###..
.. #....#............. .
##...##)########..#
#...##.# #...#...
#...#####


You could see Robin, 2 gnolls, a dart slug, 3 goblins and a bat.

Vanquished Creatures
  A gnoll (D:3)
  An adder (D:2)
  A dart slug (D:1)
  3 endoplasms
  3 giant cockroaches
  4 hobgoblins
  2 kobolds
  A quokka (D:1)
  A ball python (D:1)
  6 bats
  3 frilled lizards
  10 goblins
  7 rats
43 creatures vanquished.

Notes
Turn   | Place    | Note
-------+----------+-------------------------------------------
     0 | D:1      | bromine the Gnoll Berserker began the quest for the Orb.
     0 | D:1      | Reached XP level 1. HP: 23/23 MP: 1/1
   357 | D:1      | Reached XP level 2. HP: 29/29 MP: 2/2
  1077 | D:2      | Reached ** piety under Trog
  1162 | D:2      | Reached XP level 3. HP: 33/35 MP: 3/3
  1592 | D:2      | Reached skill level 1 in Invocations
  1840 | D:2      | Gained mutation: You do not regenerate when monsters are
                  | visible. [potion of mutation]
  1840 | D:2      | Gained mutation: You are agile. (Dex +2) [potion of
                  | mutation]
  2082 | D:3      | Noticed Robin
  2092 | D:3      | Reached skill level 1 in Short Blades
  2092 | D:3      | Reached skill level 1 in Long Blades
  2092 | D:3      | Reached skill level 1 in Axes
  2092 | D:3      | Reached skill level 1 in Polearms
  2092 | D:3      | Reached skill level 1 in Staves
  2092 | D:3      | Reached skill level 1 in Slings
  2092 | D:3      | Reached skill level 1 in Bows
  2092 | D:3      | Reached skill level 1 in Crossbows
  2092 | D:3      | Reached skill level 1 in Throwing
  2092 | D:3      | Reached skill level 1 in Stealth
  2092 | D:3      | Reached skill level 1 in Shields
  2092 | D:3      | Reached skill level 1 in Unarmed Combat
  2092 | D:3      | Reached skill level 1 in Spellcasting
  2092 | D:3      | Reached skill level 1 in Evocations
  2095 | D:3      | Reached XP level 4. HP: 29/41 MP: 5/5
  2099 | D:3      | HP: 2/41 [goblin/+0 dagger[Robin] (3)]
  2099 | D:3      | Slain by a goblin

Illustrated notes

Levels and vault maps discovered:
D:1:      lemuel_arrival_hallway, layout_basic, serial_forest,
          infiniplex_forest_lined_corner, infiniplex_forest_straight_3,
          infiniplex_forest_straight_2, infiniplex_forest_zigzag_1,
          infiniplex_forest_split, infiniplex_forest_end_3, st_stairs_5
D:2:      layout_loops_ring, kennysheep_generic_room_10
D:3:      layout_basic, hellmonk_ecumenical_altar_lost_god, serial_glass,
          glass_columns_a, glass_columns_a, feat_on_display, item_on_display_a,
          due_unseen_surprise, gammafunk_ghost_mausoleum,
          hangedman_decor_riveting, chequers_mini_garden, uniq_grinder,
          uniq_robin

Skill      XL: |  1  2  3 |
---------------+----------+-----
Invocations    | 1 |  1.1
Short Blades   | 1 |  1.0
Long Blades    | 1 |  1.0
Axes           | 1 |  1.0
Polearms       | 1 |  1.0
Staves         | 1 |  1.0
Slings         | 1 |  1.0
Bows           | 1 |  1.0
Crossbows      | 1 |  1.0
Throwing       | 1 |  1.0
Stealth        | 1 |  1.0
Shields        | 1 |  1.0
Unarmed Combat | 1 |  1.0
Spellcasting   | 1 |  1.0
Evocations     | 1 |  1.0
Fighting       | |  6.6
Maces & Flails | |  6.6
Armour         | |  4.6
Dodging        | |  4.6
Conjurations   | |  0.8
Hexes          | |  0.8
Summonings     | |  0.8
Necromancy     | |  0.8
Translocations | |  0.8
Transmutations | |  0.8
Fire Magic     | |  0.8
Ice Magic      | |  0.8
Air Magic      | |  0.8
Earth Magic    | |  0.8
Poison Magic   | |  0.8

Action                   |  1- 3 |  4- 6 || total
-------------------------+-------+-------++-------
Melee: Mace              |    60 |       ||    60
       Bite              |     8 |       ||     8
       Long sword        |    40 |     4 ||    44
       Punch             |     1 |       ||     1
Invok: Berserk           |     1 |       ||     1
  Use: Scroll            |     1 |       ||     1
       Potion            |     1 |     1 ||     2
 Stab: Sleeping          |     1 |       ||     1
Armor: Animal skin       |    46 |     3 ||    49
Dodge: Dodged            |   114 |    10 ||   124
